 Dungeon Crawl Stone Soup version 0.27-a0-1181-g5f64966fcc (webtiles) character file.

Game seed: 15012291766976339227

1951 Sobieck the Spear-Bearer (level 9, 0/71 HPs)
             Began as a Merfolk Berserker on May 17, 2021.
             Was a Priest of Trog.
             Slain by a two-headed ogre
             ... wielding a +0 giant club
              (17 damage)
             ... on level 7 of the Dungeon.
             The game lasted 00:18:22 (8388 turns).

Sobieck the Spear-Bearer (Merfolk Berserker)        Turns: 8388, Time: 00:18:23

Health: 0/71       AC:  5    Str: 20    XL:     9   Next: 18%
Magic:  9/9        EV: 14    Int:  7    God:    Trog [***...]
Gold:   140        SH:  0    Dex: 13    Spells: 8/8 levels left

rFire    . . .     SeeInvis .   a - +0 trident (venom) {polearm}
rCold    . . .     Faith    .   (no shield)
rNeg     . . .     Spirit   .   i - +0 leather armour
rPois    .         Reflect  .   (no helmet)
rElec    .         Harm     .   n - +0 cloak
rCorr    .         Rampage  .   q - +0 pair of gloves
Will     .....                  (no boots)
Stlth    +.........             (no amulet)
HPRegen  0.21/turn              (no ring)
MPRegen  0.11/turn              (no ring)

@: no status effects
A: (nimble swimmer 2), mertail
a: Renounce Religion, Berserk, Trog's Hand


You were on level 7 of the Dungeon.
You worshipped Trog.
Trog was most pleased with you.
You visited 1 branch of the dungeon, and saw 7 of its levels.
You also visited: Ossuary.

You collected 140 gold pieces.


Innate Abilities, Weirdness & Mutations

((You are quick and stealthy near water. (Stealth+, EV+, Speed+++)))
Your lower body shifts to a powerful aquatic tail in water.


   Skills:
 + Level 6.6 Fighting
 * Level 11.2 Polearms
 + Level 4.2 Armour
 + Level 7.2 Dodging


You had 8 spell levels left.
You didn't know any spells.
Your spell library was empty.

Inventory:

Hand Weapons
 a - a +0 trident of venom (weapon) {polearm}
   (You took it off an orc on level 6 of the Dungeon)
 d - a +2 short sword of venom {short}
   (You took it off a kobold on level 1 of the Dungeon)
 k - a +3 dire flail of protection {mace}
   (You took it off Blork the orc on level 5 of the Dungeon)
 l - a +1 whip of freezing {mace}
   (You took it off a kobold on level 2 of the Dungeon)
 m - a +4 quarterstaff of chaos {staff}
   (You took it off Crazy Yiuf on level 2 of the Dungeon)
 o - a +0 vampiric whip {mace}
   (You found it on level 2 of the Dungeon)
 p - a +1 dire flail of holy wrath {mace}
   (You took it off Edmund on level 5 of the Dungeon)
 y - a +0 battleaxe of draining {axe}
   (You found it on level 5 of the Dungeon)
 D - a +1 vampiric hand axe {axe}
   (You took it off an orc on level 5 of the Dungeon)
 E - a +0 spear {polearm}
Missiles
 c - 270 stones {throwing}
 g - 65 sling bullets
 h - 73 arrows
 v - 8 poisoned darts (quivered) {throwing}
 A - 25 bolts
 B - a throwing net {=f!fthrowing}
 C - 5 boomerangs {throwing}
Armour
 b - a +0 animal skin
 i - a +0 leather armour (worn)
   (You found it on level 1 of the Dungeon)
 n - a +0 cloak (worn)
   (You took it off Crazy Yiuf on level 2 of the Dungeon)
 q - a +0 pair of gloves (worn)
   (You found it on level 3 of the Dungeon)
 x - a +1 chain mail of poison resistance
   (You took it off Ijyb on level 5 of the Dungeon)
Magical Staves
 u - a staff of cold {forbidden!astaff}
   (You found it on level 5 of the Dungeon)
Wands
 r - a wand of flame (50)
   (You took it off Sigmund on level 3 of the Dungeon)
 s - a wand of polymorph (8)
   (You took it off Blork the orc on level 5 of the Dungeon)
 w - a wand of paralysis (8)
   (You found it on level 4 of the Dungeon)
Scrolls
 f - 2 scrolls of identify {@r1}
Potions
 e - 2 potions of attraction {!q}
 j - 2 potions of haste {@q3}
 t - 2 potions of lignification {!q}
 z - a potion of brilliance {unknown}
 F - 2 potions of magic
 G - a potion of flight

Dungeon Overview and Level Annotations

Branches:
Dungeon (7/15)             Temple (0/1) D:5         Ossuary (visited)

Altars:
Cheibriados
Hepliaklqana
Ru
Sif Muna
Trog

Shops:
D:4 (   D:7 [

Annotations:
D:3 exclusion: downstairs

#.... #.....
#.....
#....###+#
#....#...#
#....#...#
#....#...#
#....O...#
##....#@###
#....##.#####
+....#......#
#.c..#......+
#.(..##.#####
..(#######
...( .....
.....


You could see a two-headed ogre (poisoned).


Message History

There is an open door here.
You open the door.
There is an open door here.
c - 270 stones {throwing} (gained 24)
You open the door.
There is an open door here.
There is an open door here.
There is an open door here.
There is an open door here.
There is an open door here.
As you open the door, it creaks loudly!
There is an open door here.
You open the door.
There is an open door here.
A wyvern zombie comes into view.
You reach to attack!
You hit the wyvern zombie. You hit the wyvern zombie.
The wyvern zombie barely misses you.
You hit the wyvern zombie.
You hit the wyvern zombie but do no damage.
The wyvern zombie bites you. 😕 HP[-5]
You take 5 damage, and now have 66/71 hp.
You puncture the wyvern zombie! The wyvern zombie closely misses you.
You barely miss the wyvern zombie. The wyvern zombie misses you. 😕 HP[+1]
You hit the wyvern zombie but do no damage.
The wyvern zombie barely misses you.
You hit the wyvern zombie but do no damage.
The wyvern zombie bites you! 😕 HP[-11]
You take 11 damage, and now have 56/71 hp.
You puncture the wyvern zombie! The wyvern zombie barely misses you.
You hit the wyvern zombie.
You destroy the wyvern zombie!
Trog accepts your kill.
No target in view!
You open the door.
There is an open door here.
You open the door.
There is an open door here.
Done exploring. 😎 HP[+15]
Your hp is fully restored (71).
(D) Dungeon (T) Temple
Where to? (Enter - D:6, ? - help)
There is an open door here.
You open the door.
There is an open door here.
There is an open door here.
There is an open door here.
There is an open door here.
There is an open door here.
There is a stone staircase leading down here.
You climb downwards.
There is a stone staircase leading up here.
You climb upwards.
There is a stone staircase leading down here.
There is an open door here.
There is a stone staircase leading down here.
You climb downwards.
There is a stone staircase leading up here.
There is a stone staircase leading up here.
There is a stone staircase leading up here.
You open the door.
There is an open door here.
A two-headed ogre comes into view.
It is wielding a +0 giant club and a +0 dire flail.
The two-headed ogre shouts in stereo!
Throw: 11 darts (poison) {throwing}
Press: ? - help, Q - select action, (/) - cycle Shift-Dir - straight line, f - two-headed ogre
Aim: a two-headed ogre, wielding a +0 giant club and a +0 dire flail (75% to hit)
You throw a poisoned dart {throwing}.
The poisoned dart {throwing} hits the two-headed ogre.
Throw: 10 darts (poison) {throwing}
Press: ? - help, Q - select action, (/) - cycle Shift-Dir - straight line, f/p - two-headed ogre
Aim: a two-headed ogre, wielding a +0 giant club and a +0 dire flail (75% to hit)
You throw a poisoned dart {throwing}.
The poisoned dart {throwing} hits the two-headed ogre.
The two-headed ogre is poisoned.
A centaur comes into view.
Throw: 9 darts (poison) {throwing}
Press: ? - help, Q - select action, (/) - cycle Shift-Dir - straight line, f/p - two-headed ogre
Aim: a two-headed ogre, wielding a +0 giant club and a +0 dire flail (lightly wounded, poisoned, 75% to hit)
You throw a poisoned dart {throwing}.
The poisoned dart {throwing} hits the two-headed ogre.
The two-headed ogre looks even sicker.
The centaur wields a +0 shortbow.
The centaur shoots an arrow.
The arrow completely misses you.
The centaur shoots an arrow.
The arrow misses you.
There is an open door here.
The two-headed ogre hits you with a +0 giant club!!
The two-headed ogre hits you with a +0 dire flail!
* * * LOW HITPOINT WARNING * * *
There is a stone staircase leading up, spattered with blood here. 😨 HP[-47]
You take 47 damage, and now have 24/71 hp.
MASSIVE DAMAGE!! (PAUSE)
The two-headed ogre hits you with a +0 giant club!
* * * LOW HITPOINT WARNING * * *
The two-headed ogre hits you with a +0 dire flail!
You die...

Skill      XL: |  1  2  3  4  5  6  7  8  9 |
---------------+----------------------------+-----
Dodging        | 3 4 5 7 |  7.2
Polearms       | 5 6 7 9 10 11 | 11.2
Armour         | 2 3 4 |  4.2
Fighting       | 4 5 6 |  6.6

Action                   |  1- 3 |  4- 6 |  7- 9 || total
-------------------------+-------+-------+-------++-------
Melee: Spear             |   146 |   100 |   345 ||   591
       Trident           |       |       |    18 ||    18
Throw: Dart              |       |       |     3 ||     3
Invok: Berserk           |     8 |     4 |    10 ||    22
       Trog's Hand       |       |       |     1 ||     1
  Use: Scroll            |     3 |     3 |     3 ||     9
       Potion            |       |       |     6 ||     6
 Stab: Sleeping          |     4 |     1 |     3 ||     8
Armor: Animal skin       |     5 |       |       ||     5
       Leather armour    |    11 |     9 |    31 ||    51
       Skin              |       |       |    42 ||    42
Dodge: Dodged            |    57 |    30 |   151 ||   238

Levels and vault maps discovered:
D:1:      ncdulo_lavacross, layout_loops_corners,
          shapermc_ecumenical_altar_mp_ritualfount, due_unseen_surprise
D:2:      layout_loops_corners, ebering_dispersal_statue_hall,
          minmay_misc_feat_secret_circle, uniq_crazy_yiuf_cottage
D:3:      layout_loops_ring, lemuel_tele_altar, uniq_sigmund
D:4:      layout_basic, kennysheep_mini_moat, overflow_temple_1_default,
          serial_shops, shop
D:5:      layout_basic, marbit_many_paths, minmay_temple_entry_statues_pillars,
          nicolae_ossuary_entry_giza, serial_bayou, serial_bayou_shore_b,
          serial_bayou_pond_c, serial_bayou_lagoon_a, serial_bayou_pond_e,
          kennysheep_generic_room_16, uniq_ijyb, uniq_prince_ribbit1,
          uniq_blork_the_orc, uniq_edmund
D:6:      layout_gridville, lemuel_doored_altar
D:7:      layout_gridville, eat_drink_and_be_merry_uskayaw, serial_shops,
          shop_fountains, shop_fountains, shop, shop_statue,
          kennysheep_crisscross

Notes
Turn   | Place    | Note
-------+----------+-------------------------------------------
     0 | D:1      | Sobieck the Merfolk Berserker began the quest for the Orb.
     0 | D:1      | Reached XP level 1. HP: 18/18 MP: 1/1
     0 | D:1      | magus.rc [v1.9.6]
   188 | D:1      | Reached XP level 2. HP: 24/24 MP: 2/2
   361 | D:1      | Reached skill level 3 in Dodging
   576 | D:1      | Reached skill level 5 in Polearms
   841 | D:1      | Reached XP level 3. HP: 29/29 MP: 3/3
  1255 | D:1      | Found a faded altar of an unknown god.
  1447 | D:1      | Reached ** piety under Trog
  1846 | D:4      | Noticed a phantom
  1854 | D:4      | Found a bloodstained altar of Trog.
  2485 | D:2      | Reached XP level 4. HP: 37/37 MP: 4/4
  2566 | D:2      | Found a runed translucent door.
  2567 | D:2      | Noticed Crazy Yiuf
  2747 | D:2      | Killed Crazy Yiuf
  2748 | D:2      | Reached skill level 6 in Polearms
  2748 | D:2      | Reached skill level 2 in Armour
  3183 | D:3      | Reached skill level 4 in Fighting
  3183 | D:3      | Reached XP level 5. HP: 35/42 MP: 5/5
  3374 | D:3      | Noticed Sigmund
  3387 | D:3      | Killed Sigmund
  3388 | D:3      | Reached skill level 7 in Polearms
  3388 | D:3      | Reached skill level 4 in Dodging
  3388 | D:3      | Reached XP level 6. HP: 49/49 MP: 6/6
  3583 | D:3      | Found a sacrificial altar of Ru.
  4069 | D:5      | Entered Level 5 of the Dungeon
  4076 | D:5      | Noticed Edmund
  4098 | D:5      | Killed Edmund
  4270 | D:5      | Noticed Blork the orc
  4349 | D:5      | Reached XP level 7. HP: 35/55 MP: 7/7
  4349 | D:5      | Found a staircase to the Ecumenical Temple.
  4374 | D:5      | Killed Blork the orc
  4375 | D:5      | Reached skill level 8 in Polearms
  4375 | D:5      | Reached skill level 5 in Dodging
  4389 | D:5      | Noticed Prince Ribbit
  4395 | D:5      | HP: 12/55 [Prince Ribbit (9)]
  4415 | D:5      | HP: 18/82 [Prince Ribbit (8)]
  4422 | D:5      | HP: 17/82 [orc/+0 club (2)]
  4430 | D:5      | HP: 25/123 [orc/+0 club (2)]
  4433 | D:5      | Killed Prince Ribbit
  4434 | D:5      | Reached skill level 5 in Fighting
  4434 | D:5      | Reached skill level 3 in Armour
  4446 | D:5      | HP: 13/84 [centaur/arrow (5)]
  4451 | D:5      | HP: 10/84 [centaur (1)]
  4453 | D:5      | HP: 3/84 [centaur (3)]
  4753 | D:5      | Found a sand-covered staircase.
  4775 | D:5      | Reached skill level 9 in Polearms
  4775 | D:5      | Reached XP level 8. HP: 21/63 MP: 8/8
  4815 | Ossuary  | Entered an ossuary
  4847 | Ossuary  | Reached skill level 6 in Dodging
  5279 | D:4      | Reached skill level 10 in Polearms
  5498 | D:4      | Found Ytte's Antique Weapon Shop.
  5540 | D:4      | Reached skill level 6 in Fighting
  5733 | D:4      | Found a shimmering blue altar of Sif Muna.
  5761 | D:4      | Reached *** piety under Trog
  6132 | D:5      | Noticed Ijyb
  6136 | D:5      | Killed Ijyb
  6573 | D:5      | Found a hazy altar of Hepliaklqana.
  6990 | D:6      | Reached skill level 4 in Armour
  7148 | D:6      | Reached skill level 7 in Dodging
  7148 | D:6      | Reached XP level 9. HP: 68/70 MP: 9/9
  7262 | D:7      | Found Modo's Armour Shoppe.
  7286 | D:7      | Reached skill level 11 in Polearms
  7420 | D:6      | Found a snail-covered altar of Cheibriados.
  8379 | D:7      | Noticed a two-headed ogre
  8388 | D:7      | HP: 17/71 [two-headed ogre/+0 giant club (7)]
  8388 | D:7      | Slain by a two-headed ogre

Vanquished Creatures
  Prince Ribbit (D:5)
  Sigmund (D:3)
  Edmund (D:5)
  A hornet zombie (Ossuary)
  A sky beast (D:6)
  A black bear (D:4)
  2 centaurs (D:5)
  A phantom (D:4)
  2 bullfrogs (D:6)
  Blork the orc (D:5)
  A wyvern zombie (D:6)
  A scorpion (D:4)
  2 water moccasin skeletons
  A howler monkey (D:5)
  A centaur zombie (D:6)
  A bullfrog zombie (Ossuary)
  A jelly (D:6)
  An orc priest (D:5)
  Crazy Yiuf (D:2)
  An iguana (D:5)
  Ijyb (D:5)
  An orc wizard (D:5)
  A hound zombie (D:5)
  5 mummies
  8 adders
  3 gnolls (D:4)
  A shadow imp (D:6)
  3 worms
  3 dart slugs
  15 orcs
  8 ball pythons
  4 bats
  An endoplasm (D:3)
  2 giant cockroaches
  7 goblins
  8 hobgoblins
  9 jackals
  7 kobolds
  3 quokkas
  2 frilled lizards (D:3)
  A hobgoblin zombie (D:5)
  A kobold zombie (D:5)
  6 rats
123 creatures vanquished.

Vanquished Creatures (others)
  15 plants (D:5)
  A withered plant (Ossuary)
16 creatures vanquished.

Grand Total: 139 creatures vanquished

Table legend:
 A = Non-vault XP
 B = Vault XP
 C = Vault XP percentage of total XP
 D = Non-vault monster count
 E = Vault monster count
 F = Vault count percentage of total count
                 A         B        C        D         E       F
            +---------+---------+-------+---------+---------+-------
      Total |    1487 |    1301 |  46.7 |     105 |      18 |  14.6
            +---------+---------+-------+---------+---------+-------
        D:1 |      52 |       0 |   0.0 |      30 |       0 |   0.0
        D:2 |      51 |      39 |  43.3 |      12 |       1 |   7.7
        D:3 |      45 |     223 |  83.2 |      13 |       1 |   7.1
        D:4 |     401 |       0 |   0.0 |      21 |       0 |   0.0
        D:5 |     340 |     803 |  70.3 |      15 |      11 |  42.3
        D:6 |     528 |       0 |   0.0 |      13 |       0 |   0.0
        D:7 |      70 |       0 |   0.0 |       1 |       0 |   0.0
    Ossuary |       0 |     236 | 100.0 |       0 |       5 | 100.0
            +---------+---------+-------+---------+---------+-------

Illustrated notes

Table legend:
 A = Kills in this place as a percentage of kills in entire the game.
 B = Kills by you in this place as a percentage of kills by you in the entire game.
 C = Kills by friends in this place as a percentage of kills by friends in the entire game.
 D = Other kills in this place as a percentage of other kills in the entire game.
 E = Experience gained in this place as a percentage of experience gained in the entire game.
 F = Experience gained in this place divided by the number of levels of this place that you have seen.
                   A       B       C       D       E      F
               +-------+-------+-------+-------+-------+----------------------
         Total | 100.0 | 100.0 |   N/A |   N/A | 100.0 | 348.5
       Dungeon |  95.9 |  95.9 |   N/A |   N/A |  91.5 | 364.6
       Ossuary |   4.1 |   4.1 |   N/A |   N/A |   8.5 | 236.0
               +-------+-------+-------+-------+-------+----------------------

Table legend: (Time is in decaauts)
 A = Elapsed time spent in this place.
 B = Non-inter-level travel time spent in this place.
 C = Inter-level travel time spent in this place.
 D = Time resting spent in this place.
 E = Time spent auto-exploring this place.
 F = Levels seen in this place.
 G = Mean time per level.
                   A        B        C        D        E       F      G
               +--------+--------+--------+--------+--------+-----+--------+
         Total |   8415 |   7875 |    540 |   1997 |   4740 |   8 | 1051.9 |
       Dungeon |   8374 |   7834 |    540 |   1982 |   4740 |   7 | 1196.3 |
       Ossuary |     41 |     41 |      0 |     15 |      0 |   1 |   41.0 |
               +--------+--------+--------+--------+--------+-----+--------+

Top non-repeatable levels by time:
     D:1: 1783 daAuts
     D:5: 1741 daAuts
     D:6: 1407 daAuts
     D:2: 1375 daAuts
     D:4: 1045 daAuts
     D:3: 910 daAuts
     D:7: 112 daAuts
 Ossuary: 41 daAuts
